 Dungeon Crawl Stone Soup version 0.21.1-1-g345015f (webtiles) character file.

699 seren the Covert (level 7, -5/31 HPs)
             Began as a Felid Enchanter on Feb 13, 2018.
             Was a Follower of Ashenzari.
             Slain by Prince Ribbit (16 damage)
             ... on level 7 of the Dungeon.
             The game lasted 00:41:39 (11400 turns).

seren the Covert (Felid Enchanter)                 Turns: 11400, Time: 00:41:40

Health: -5/31      AC:  2    Str:  4    XL:     7   Next: 38%
Magic:  11/11      EV: 21    Int: 18    God:    Ashenzari [*.....]
Gold:   255        SH:  0    Dex: 17    Spells: 1/10 levels left
                                        Lives:  0   Deaths: 2

rFire    + . .     SeeInvis +     - Unarmed
rCold    . . .     Gourm    .   (shield unavailable)
rNeg     . . .     Faith    .   (armour unavailable)
rPois    .         Spirit   .   (helmet unavailable)
rElec    .         Reflect  .   (cloak unavailable)
rCorr    .         Harm     .   (gloves unavailable)
MR       +....                  (boots unavailable)
Stlth    ++++......             (no amulet)
HPRegen  0.10/turn              x - ring of protection from fire (curse)
MPRegen  0.12/turn              (no ring)

@: quick
A: very small, no armour, no weapons or thrown items, stealth, claws 1, fangs 3,
see invisible, carnivore, speed 1, shaggy fur 2, slow metabolism 1, sharp paws
a: Curse Item, Scrying, Renounce Religion


You were on level 7 of the Dungeon.
You worshipped Ashenzari.
Ashenzari was aware of your devotion.
You were not hungry.

You visited 2 branches of the dungeon, and saw 8 of its levels.
You also visited: Ossuary.

You collected 255 gold pieces.

Inventory:

Jewellery
 l - an uncursed ring of ice
 x - a cursed ring of protection from fire (left paw)
Wands
 e - a wand of random effects (14)
 g - a wand of paralysis (7)
 t - a wand of disintegration (8)
 y - a wand of iceblast (12)
Scrolls
 c - 4 scrolls of teleportation {!r}
 d - 3 scrolls of immolation
 f - a scroll of magic mapping
 i - 3 scrolls of remove curse
 k - 2 scrolls of fear
 m - 4 scrolls of amnesia
 n - a scroll of blinking {unknown}
 p - a scroll of fog {unknown}
 q - a scroll of noise {unknown}
 r - 2 scrolls of enchant armour {unknown}
 u - a scroll of summoning {unknown}
Potions
 h - a potion of lignification
 j - a potion of mutation {!q}
 o - a potion of curing
 s - a potion of heal wounds
 z - 2 potions of brilliance {unknown}
 A - 3 potions of agility {unknown}
Books
 a - a book of Maledictions

   Spells                             Type                      Level
   a - Corona                         Hexes                        1
   b - Ensorcelled Hibernation        Hexes/Ice                    2
   c - Confuse                        Hexes                        3
   d - Tukima's Dance                 Hexes                        3
   e - Dazzling Spray                 Conjuration/Hexes            3
 v - a book of Air

   Spells                             Type                      Level
   a - Shock                          Conjuration/Air              1
   b - Swiftness                      Charms/Air                   2
   c - Static Discharge               Conjuration/Air              3
   d - Airstrike                      Air                          4
   e - Lightning Bolt                 Conjuration/Air              5
 w - a book of Misfortune

   Spells                             Type                      Level
   a - Confusing Touch                Hexes                        1
   b - Confuse                        Hexes                        3
   c - Gell's Gravitas                Translocation                3
   d - Petrify                        Transmutation/Earth          4
   e - Metabolic Englaciation         Hexes/Ice                    5
   f - Yara's Violent Unravelling     Hexes/Transmutation          5
Comestibles
 b - 7 rations
 B - 3 chunks of flesh


   Skills:
 + Level 3.3 Fighting
 + Level 5.3 Dodging
 * Level 8.2 Stealth
 + Level 3.4 Unarmed Combat
 + Level 2.2 Spellcasting
 * Level 8.2 Hexes
 * Level 4.7 Evocations


You had one spell level left.
You knew the following spells:

 Your Spells              Type           Power        Failure   Level  Hunger
a - Corona                Hex            ####...      1%          1    #......
c - Confuse               Hex            ####....     1%          3    ###....
d - Tukima's Dance        Hex            ####....     1%          3    ###....
e - Ensorcelled Hibernat  Hex/Ice        ###...       4%          2    ###....


Dungeon Overview and Level Annotations

Branches:
Dungeon (7/15)             Temple (1/1) D:4

Altars:
Ashenzari
Cheibriados
Dithmenos
Elyvilon
Fedhas
Gozag
Hepliaklqana
Kikubaaqudgha
Makhleb
Nemelex Xobeh
Okawaru
Qazlal
Ru
Sif Muna
Trog
Uskayaw
Vehumet
Xom
Yredelemnul
Zin
The Shining One

Shops:
D:5 %

Annotations:
D:3 exclusion: bullfrog, Frank's ghost, amateur OpFi
D:4 exclusion: scorpion
D:5 exclusions: centaur and ice beast
D:6 exclusions: centaur and 2 downstairs
D:7 Prince Ribbit; letownia2's ghost, novice MfBe


Innate Abilities, Weirdness & Mutations

You cannot wear armour.
You are incapable of wielding weapons or throwing items.
Your paws allow you to move quietly. (Stealth)
You have sharp claws.
You have razor-sharp teeth.
You have supernaturally acute eyesight. (SInv)
You are carnivorous and can eat meat at any time.
You cover ground quickly.
You are covered in thick fur. (AC +2)
You have a slow metabolism.
Your sharp claws are effective at attacking unaware monsters.


Message History

You scratch the crimson imp but do no damage.
Prince Ribbit barely misses you.
The crimson imp blinks!
Prince Ribbit misses you.
You closely miss Prince Ribbit.
Prince Ribbit is heavily wounded.
Prince Ribbit croaks regally.
Prince Ribbit hits you!!
Ouch! That really hurt!
* * * LOW HITPOINT WARNING * * *
You miss Prince Ribbit.
Prince Ribbit is heavily wounded.
Prince Ribbit closely misses you.
You scratch Prince Ribbit.
Prince Ribbit is severely wounded.
Prince Ribbit barely misses you.
You miss Prince Ribbit.
Prince Ribbit is severely wounded.
Prince Ribbit hits you!
Ouch! That really hurt!
You die...

##...........
#..F@.5.'...#........
#.......#...#........
##...#..#.....>#####.
##############..#
..... ...... ......
..###. ###


You could see Prince Ribbit and a crimson imp.

Vanquished Creatures
  A hippogriff (D:7)
  An ice beast (D:5)
  3 ogres
  2 phantoms
  2 jellies
  A quasit (D:5)
  2 orc priests (D:5)
  3 hounds
  Natasha (thrice) (D:2)
  3 worker ants (D:5)
  An iguana (D:4)
  3 orc wizards
  4 gnolls
  8 adders
  A shadow imp (D:5)
  4 worms
  2 dart slugs (D:1)
  A leopard gecko (D:6)
  10 orcs
  4 giant cockroaches
  5 goblins
  5 hobgoblins
  2 jackals
  9 kobolds
  3 quokkas
  2 ball pythons (D:3)
  6 bats
  2 frilled lizards
  A giant cockroach zombie (D:6)
  A kobold zombie (Ossuary)
  2 quokka skeletons
  6 rats
103 creatures vanquished.

Vanquished Creatures (collateral kills)
  5 orcs
5 creatures vanquished.

Vanquished Creatures (others)
  A dancing weapon (D:7)
1 creature vanquished.

Grand Total: 109 creatures vanquished

Notes
Turn   | Place    | Note
-------+----------+-------------------------------------------
     0 | D:1      | seren the Felid Enchanter began the quest for the Orb.
     0 | D:1      | Reached XP level 1. HP: 7/7 MP: 4/4
   219 | D:1      | Reached XP level 2. HP: 7/11 MP: 6/6
  1356 | D:2      | Reached XP level 3. HP: 5/15 MP: 7/7
  2573 | D:3      | Noticed a bullfrog
  2581 | D:3      | Learned a level 3 spell: Confuse
  3045 | D:1      | Reached skill level 1 in Fighting
  3228 | D:2      | Reached skill level 5 in Hexes
  3650 | D:3      | Noticed Frank's ghost (amateur OpFi)
  4010 | D:3      | Reached XP level 4. HP: 19/19 MP: 4/8
  4069 | D:3      | Learned a level 2 spell: Ensorcelled Hibernation
  4084 | D:3      | Noticed Natasha
  4112 | D:2      | Slain by Natasha
  4113 | D:2      | Reached XP level 3. HP: -2/15 MP: 1/7
  4370 | D:2      | Killed Natasha
  4370 | D:2      | Reached skill level 5 in Stealth
  4370 | D:2      | Reached skill level 1 in Evocations
  4513 | D:2      | Noticed Natasha
  4524 | D:2      | Killed Natasha
  4524 | D:2      | Reached XP level 4. HP: 18/19 MP: 8/8
  4609 | D:2      | Noticed Natasha
  4615 | D:2      | Killed Natasha
  4894 | D:2      | Reached XP level 5. HP: 22/22 MP: 6/9
  5739 | D:4      | Found a staircase to the Ecumenical Temple.
  5754 | Temple   | Entered the Ecumenical Temple
  5892 | Temple   | Became a worshipper of Ashenzari the Shackled
  6053 | D:4      | Found a sand-covered staircase.
  6060 | Ossuary  | Entered an ossuary
  6242 | D:4      | Noticed an ogre
  6252 | D:4      | Killed an ogre
  6252 | D:4      | Gained mutation: You are covered in thick fur. (AC +2) [Felid growth]
  6252 | D:4      | Reached XP level 6. HP: 26/26 MP: 5/10
  6257 | D:4      | Learned a level 3 spell: Tukima's Dance
  6847 | D:5      | Entered Level 5 of the Dungeon
  6864 | D:5      | Noticed an ice beast
  6937 | D:5      | Found Ninerhuiz's Food Emporium.
  7087 | D:5      | Noticed an ice beast
  7268 | D:5      | Reached XP level 7. HP: 30/30 MP: 2/11
  9139 | D:6      | Reached * piety under Ashenzari
 10016 | D:7      | Noticed a hippogriff
 10144 | D:6      | Reached XP level 8. HP: 20/34 MP: 5/12
 10298 | D:7      | Reached skill level 5 in Dodging
 10519 | D:7      | Killed a hippogriff
 10530 | D:7      | Noticed letownia2's ghost (novice MfBe)
 11374 | D:7      | Noticed a hornet
 11375 | D:7      | Killed from afar by an orc priest
 11376 | D:7      | Reached XP level 7. HP: 0/31 MP: 2/11
 11388 | D:7      | Noticed Prince Ribbit
 11400 | D:7      | Slain by Prince Ribbit

Skill      XL: |  1  2  3  4  5  6  7  8 |
---------------+-------------------------+-----
Dodging        | 3 4 5 |  5.3
Fighting       | 1 2 3 |  3.3
Hexes          | 5 6 7 8 |  8.2
Stealth        | 5 6 7 8 |  8.2
Evocations     | 1 2 3 4 |  4.7
Unarmed Combat | 2 3 |  3.4
Spellcasting   | |  2.2

Action                   |  1- 3 |  4- 6 |  7- 9 || total
-------------------------+-------+-------+-------++-------
Melee: Unarmed           |   125 |    82 |   127 ||   334
       Bite              |     8 |     9 |    13 ||    30
       Punch             |       |     1 |     3 ||     4
 Cast: Confuse           |     8 |    14 |    18 ||    40
       Ensorcelled Hiber |     2 |    19 |    32 ||    53
       Corona            |     1 |       |       ||     1
       Tukima's Dance    |       |       |    16 ||    16
Invok: Curse Item        |       |       |     1 ||     1
Evoke: Wand              |     5 |     2 |     2 ||     9
  Use: Scroll            |     2 |     8 |     1 ||    11
       Potion            |     2 |     1 |       ||     3
 Stab: Sleeping          |    16 |    17 |    16 ||    49
       Paralysed         |     4 |     1 |       ||     5
       Confused          |     3 |     7 |    13 ||    23
  Eat: Chunk             |    13 |    12 |    13 ||    38
Armor: Skin              |     2 |     2 |     3 ||     7
Dodge: Dodged            |    71 |    61 |    61 ||   193
